 Dungeon Crawl Stone Soup version 0.29-a0-350-g7790a0e70a (webtiles) character file.

Game seed: 1391029034291653715

54 HendSelp the Insei (level 3, -3/34 HPs)
             Began as an Octopode Transmuter on Apr 22, 2022.
             Slain by a gnoll
             ... wielding a +0 spear
              (4 damage)
             ... on level 3 of the Dungeon.
             The game lasted 00:02:03 (2079 turns).

HendSelp the Insei (Octopode Transmuter)            Turns: 2079, Time: 00:02:03

Health: -3/34      AC: 21    Str: 11    XL:     3   Next: 91%
Magic:  6/6        EV:  2    Int: 15    God:
Gold:   161        SH:  0    Dex: 12    Spells: 3/6 levels left

rFire   . . .      SeeInvis .     - Unarmed
rCold   . . .      Faith    .   (no shield)
rNeg    . . .      Spirit   .   (helmet currently unavailable)
rPois   +          Reflect  .   (no amulet)
rElec   .          Harm     .   (no ring)
rCorr   .          Rampage  .   (no ring)
Will    .....      NoTele   +   (no ring)
Stlth   +.........              (no ring)
HPRegen 0.11/turn               (no ring)
MPRegen 0.10/turn               (no ring)
                                (no ring)
                                (no ring)

@: tree-form, slowed, very slow
A: stationary, stasis, torment immunity, boosted hp, almost no armour,
(amphibious), 8 rings, (camouflage 1), (gelatinous body 1), (nimble swimmer 1),
(tentacles)
a: no special abilities


You were on level 3 of the Dungeon.
You were a tree.
You visited 1 branch of the dungeon, and saw 3 of its levels.

You collected 161 gold pieces.

Inventory:

Scrolls
 b - a scroll of holy word
 d - 2 scrolls of identify
Potions
 a - a potion of lignification
 e - a potion of mutation
 h - a potion of flight
 i - 2 potions of might


   Skills:
 * Level 1.4 Fighting
 + Level 2.1 Dodging
 * Level 4.1 Unarmed Combat
 + Level 2.2 Spellcasting
 + Level 2.2 Transmutations


You had 3 spell levels left.
You knew the following spells:

 Your Spells              Type           Power      Damage    Failure   Level
a - Beastly Appendage     Tmut           16%        N/A       9%          1
b - Wereblood             Tmut           8%         N/A       13%         2

Your spell library contained the following spells:

 Spells                   Type           Power      Damage    Failure   Level
 Sandblast                Erth           2%         2d4       22%         1
 Passwall                 Tmut/Erth      3%         N/A       22%         2
 Spider Form              Tmut/Pois      4%         N/A       38%         3
 Ozocubu's Armour         Ice            1%         N/A       54%         3
 Stone Arrow              Conj/Erth      2%         3d7       54%         3
 Ice Form                 Ice/Tmut       4%         N/A       80%         4
 Ozocubu's Refrigeration  Ice            0%         4d5       100%        7


Dungeon Overview and Level Annotations

Branches:
Dungeon (3/15)

Altars:

Annotations:
D:3 Natasha


Innate Abilities, Weirdness & Mutations

You are a tree.
Your roots penetrate the ground, keeping you stationary.
You cannot be teleported.
You are immune to unholy pain and torment.
Your maximum health is greatly increased.
You cannot wear most types of armour.
((You are amphibious.))
You can wear up to eight rings at the same time.
((Your skin changes colour to match your surroundings (Stealth+).))
((Your rubbery body absorbs attacks. (AC +1, EV +1)))
((You are camouflaged when in or above water. (Stealth+)))
((You have tentacles for arms and can constrict up to eight enemies at once.))


Message History

Natasha claws you but does no damage. The gnoll hits you with a +0 whip.
The gnoll hits you with a +0 halberd.
You turn into a tree.
Your roots penetrate the ground.
Natasha claws you but does no damage. The gnoll barely misses you.
The gnoll hits you but does no damage.
Unknown command.
You hit the gnoll.
The gnoll is moderately wounded.
Natasha casts a spell at you.
You feel yourself slow down. The gnoll hits you with a +0 whip.
The gnoll hits you but does no damage.
Unknown command.
Unknown command.
You hit the gnoll.
The gnoll is heavily wounded.
Natasha claws you.
The gnoll hits you but does no damage. x2
Unknown command.
Unknown command.
You hit the gnoll.
The gnoll is severely wounded.
Natasha claws you but does no damage. The gnoll hits you with a +0 club.
The gnoll hits you with a +0 halberd!
* * * LOW HITPOINT WARNING * * *
The gnoll hits you but does no damage. x2
Natasha claws you but does no damage.
You hit the gnoll.
You kill the gnoll!
The gnoll hits you with a +0 club.
* * * LOW HITPOINT WARNING * * *
The gnoll hits you but does no damage.
An orc priest comes into view. It is wielding a +0 flail.
The gnoll hits you from afar with a +0 spear.
* * * LOW HITPOINT WARNING * * *
Natasha stares at you and mumbles some strange words.
The magic dart hits you but does no damage.
The rat bites you but does no damage.
The orc priest looks satisfied for a moment.
The gnoll hits you but does no damage. x2
The gnoll hits you from afar with a +0 spear.
You die...

#....#......##
#....###[.#..####
#....# ##.......#
#########.....#.. .
.......<....#####..
#######...........
#.........# .
#....g#.#....
#...h♣r......
#....g#g.....
#.............
#............o
#.$..........#
#............#
..##...#[...> . #.
#.## .##.#.


You could see an orc priest, Natasha, 3 gnolls and a rat.

Vanquished Creatures
  A gnoll (D:3)
  A worm (D:2)
  A dart slug (D:3)
  6 ball pythons
  3 endoplasms
  2 giant cockroaches (D:1)
  6 goblins
  2 hobgoblins (D:1)
  12 jackals
  2 quokkas (D:2)
  2 bats (D:1)
  3 frilled lizards
  A kobold (D:1)
  3 rats
45 creatures vanquished.

Notes
Turn   | Place    | Note
-------+----------+-------------------------------------------
     0 | D:1      | HendSelp the Octopode Transmuter began the quest for the
                  | Orb.
     0 | D:1      | Reached XP level 1. HP: 13/13 MP: 3/3
    29 | D:1      | Found a faded altar of an unknown god.
   323 | D:1      | Reached XP level 2. HP: 10/18 MP: 3/5
   564 | D:1      | Learned a level 2 spell: Wereblood
  1148 | D:2      | Reached XP level 3. HP: 23/23 MP: 3/6
  1755 | D:2      | Reached skill level 4 in Unarmed Combat
  2070 | D:3      | Noticed Natasha
  2079 | D:3      | HP: 1/34 [gnoll/+0 spear (2)]
  2079 | D:3      | Slain by a gnoll

Illustrated notes

Levels and vault maps discovered:
D:1:      dpeg_arrival_round_a, layout_rooms, shapermc_ecumenical_altar_gd,
          chequers_hall_statues_y, minmay_misc_feat_secret_circle,
          minmay_pentomino_u2
D:2:      layout_loops_ring
D:3:      layout_rooms, uniq_natasha

Skill      XL: |  1  2  3 |
---------------+----------+-----
Unarmed Combat | 4 |  4.1
Fighting       | |  1.4
Dodging        | |  2.1
Spellcasting   | |  2.2
Transmutations | |  2.2

Action                   || total
-------------------------++-------
Melee: Unarmed           ||    88
       Constrict         ||    25
       Kick              ||     8
       Tentacles         ||    16
 Cast: Beastly Appendage ||     5
       Wereblood         ||     7
  Use: Scroll            ||    12
       Potion            ||     2
 Stab: Sleeping          ||     9
Armor: Skin              ||    23
Dodge: Dodged            ||    81

Table legend: (Time is in decaauts)
 A = Elapsed time spent in this place.
 B = Non-inter-level travel time spent in this place.
 C = Inter-level travel time spent in this place.
 D = Time resting spent in this place.
 E = Time spent auto-exploring this place.
 F = Levels seen in this place.
 G = Mean time per level.
                   A        B        C        D        E       F      G
               +--------+--------+--------+--------+--------+-----+--------+
         Total |   2074 |   2000 |     74 |      0 |   1728 |   3 |  691.3 |
       Dungeon |   2074 |   2000 |     74 |      0 |   1728 |   3 |  691.3 |
               +--------+--------+--------+--------+--------+-----+--------+

Top non-repeatable levels by time:
     D:1: 1187 daAuts
     D:2: 822 daAuts
     D:3: 64 daAuts
